 Dungeon Crawl Stone Soup version 0.27-a0-604-g29a88b33a7 (webtiles) character file.

Game seed: 16837564589436512941

11219 dolemite99 the Destroyer (level 11, 0/83 HPs)
             Began as a Gnoll Conjurer on Mar 13, 2021.
             Was an Elder of Kikubaaqudgha.
             Slain by a four-headed hydra (5 damage)
             ... on level 11 of the Dungeon.
             The game lasted 00:27:54 (22755 turns).

dolemite99 the Destroyer (Gnoll Conjurer)          Turns: 22755, Time: 00:27:55

Health: 0/83       AC: 14    Str:  7    XL:     11   Next: 74%
Magic:  16/23      EV: 14    Int: 26    God:    Kikubaaqudgha [****..]
Gold:   145        SH:  0    Dex: 11    Spells: 6/26 levels left

rFire    . . .     SeeInvis .   b - +0 fustibalus (vorpal)
rCold    + . .     Faith    .   (no shield)
rNeg     . . .     Spirit   .   k - +0 leather armour {rC+}
rPois    .         Reflect  .   s - +1 helmet
rElec    .         Harm     .   (no cloak)
rCorr    .         Rampage  +   H - +1 pair of gloves
Will     .....                  y - +1 pair of boots {rampage}
Stlth    +++.......             (no amulet)
HPRegen  0.23/turn              D - +6 ring of intelligence
MPRegen  0.18/turn              d - +4 ring of protection {=R}

@: no status effects
A: fangs 1, strong nose, distributed training
a: Renounce Religion, Receive Corpses


You were on level 11 of the Dungeon.
You worshipped Kikubaaqudgha.
Kikubaaqudgha was greatly pleased with you.
You visited 1 branch of the dungeon, and saw 13 of its levels.

You collected 602 gold pieces.
You spent 457 gold pieces at shops.

Inventory:

Hand Weapons
 a - a +3 dagger of draining
 b - a +0 vorpal fustibalus (weapon)
 i - a +1 dagger of venom
 v - the +2 hand crossbow of the Singing Fulmar {elec, SInv}
   (You found it on level 12 of the Dungeon)

   It charges the ammunition it shoots with electricity; occasionally upon a
   hit, such missiles may discharge and cause terrible harm.
   It lets you see invisible.
 W - a +4 hunting sling of freezing
 X - a +3 scimitar
 Y - a +5 morningstar of freezing
Missiles
 j - 2 throwing nets
 l - 202 arrows
 n - 254 stones
 q - 7 sling bullets (quivered ammo)
 F - 4 javelins
 G - 23 boomerangs
 Q - a curare-tipped dart
 Z - 51 poisoned darts
Armour
 k - a +0 leather armour of cold resistance (worn)
 s - a +1 helmet (worn)
 y - a +1 pair of boots of rampaging (worn)
 H - a +1 pair of gloves (worn)
Jewellery
 c - a ring of positive energy
 d - a +4 ring of protection (left hand) {=R}
 A - a +6 ring of dexterity
 D - a +6 ring of intelligence (right hand)
Wands
 r - a wand of charming (10)
 B - a wand of polymorph (22)
Scrolls
 e - a scroll of blinking
 f - 3 scrolls of teleportation
 h - 6 scrolls of amnesia
 m - a scroll of enchant armour
 x - 2 scrolls of fog
 T - a scroll of identify {@r1}
Potions
 g - a potion of haste
 o - 2 potions of might
 t - a potion of magic
 u - 6 potions of curing
 w - 2 potions of invisibility
 z - a potion of attraction {unknown}
 C - a potion of heal wounds
 K - a potion of lignification {unknown}
 M - a potion of mutation {unknown}
 N - 3 potions of brilliance
 P - a potion of resistance {unknown}


   Skills:
 + Level 6.6 Fighting
 + Level 6.6 Short Blades
 + Level 6.6 Long Blades
 + Level 6.6 Axes
 + Level 6.6 Maces & Flails
 + Level 6.6 Polearms
 + Level 6.6 Staves
 + Level 6.6 Slings
 + Level 6.6 Bows
 + Level 6.6 Crossbows
 + Level 6.6 Throwing
 + Level 6.6 Armour
 + Level 8.1 Dodging
 + Level 7.9 Stealth
 + Level 6.6 Shields
 + Level 6.6 Unarmed Combat
 + Level 8.3 Spellcasting
 + Level 9.1 Conjurations
 + Level 5.4 Hexes
 + Level 5.4 Summonings
 + Level 5.4 Necromancy
 + Level 5.4 Translocations
 + Level 5.4 Transmutations
 + Level 5.4 Fire Magic
 + Level 5.4 Ice Magic
 + Level 5.4 Air Magic
 + Level 5.4 Earth Magic
 + Level 5.4 Poison Magic
 + Level 7.2 Invocations
 + Level 6.6 Evocations


You had 6 spell levels left.
You knew the following spells:

 Your Spells              Type           Power      Damage    Failure   Level
a - Vampiric Draining     Necr           19%        2d8       2%          3
b - Searing Ray           Conj           100%       3d7       1%          2
c - Dazzling Flash        Conj/Hex       96%        N/A       1%          3
d - Iskenderun's Mystic   Conj/Tloc      48%        2d11      3%          4
e - Corpse Rot            Necr/Air       N/A        N/A       1%          2
f - Fulminant Prism       Conj/Hex       24%        3d13      3%          4
g - Sublimation of Blood  Necr           19%        N/A       1%          2

Your spell library contained the following spells:

 Spells                   Type           Power      Damage    Failure   Level
 Magic Dart               Conj           100%       1d8       1%          1
 Pain                     Necr           100%       1d9       1%          1
 Dispel Undead            Necr           39%        3d16      9%          4
 Agony                    Necr           39%        N/A       22%         5
 Excruciating Wounds      Necr           19%        N/A       22%         5
 Death Channel            Necr           19%        N/A       77%         6
 Simulacrum               Ice/Necr       19%        N/A       77%         6


Dungeon Overview and Level Annotations

Branches:
Dungeon (13/15)            Temple (0/1) D:5            Lair (0/6) D:9
    Orc: D:9-12      Vaults: D:13-14

Altars:
Cheibriados
Dithmenos
Elyvilon
Gozag
Kikubaaqudgha
Makhleb
Nemelex Xobeh
Ru
Uskayaw
Wu Jian
The Shining One

Shops:
D:4 *(([=   D:5 (   D:6 *

Annotations:
D:4 1 runed translucent door
D:11 Snorg
D:12 exclusion: upstairs


Innate Abilities, Weirdness & Mutations

You have very sharp teeth.
Your uncanny sense of smell can sniff out nearby items.
Your experience applies equally to all skills.


Message History

Confirm with . or Enter, or press ? or * to list all spells.
Aiming: Searing Ray (safe; 1% risk of failure)
Press: ? - help, Shift-Dir - straight line, f/p - four-headed hydra
Aim: a four-headed hydra (lightly wounded, 6% to evade)
The searing ray hits the four-headed hydra!
The four-headed hydra is lightly wounded. (Press . to maintain the ray.)
The searing ray hits the four-headed hydra!
The four-headed hydra is moderately wounded.
The searing ray hits the four-headed hydra.
The four-headed hydra is moderately wounded.
The searing ray hits the four-headed hydra!
The four-headed hydra is heavily wounded.
You finish channeling your searing ray.
The four-headed hydra bites you. x2
The four-headed hydra bites you but does no damage.
The four-headed hydra bites you!
Casting: Searing Ray (safe; 1% risk of failure)
Confirm with . or Enter, or press ? or * to list all spells.
Aiming: Searing Ray (safe; 1% risk of failure)
Press: ? - help, Shift-Dir - straight line, f/p - four-headed hydra
Aim: a four-headed hydra (moderately wounded, 6% to evade)
The searing ray hits the four-headed hydra!
The four-headed hydra is heavily wounded. (Press . to maintain the ray.)
The four-headed hydra bites you. The four-headed hydra bites you! x3
* * * LOW HITPOINT WARNING * * *
The searing ray hits the four-headed hydra!
The four-headed hydra is severely wounded.
The four-headed hydra bites you.
* * * LOW HITPOINT WARNING * * *
The four-headed hydra bites you!
* * * LOW HITPOINT WARNING * * *
The four-headed hydra bites you.
* * * LOW HITPOINT WARNING * * *
The four-headed hydra closely misses you.
The searing ray hits the four-headed hydra!
The four-headed hydra is almost dead.
The four-headed hydra bites you.
You die...
Kikubaaqudgha rasps: "You have failed me!
Welcome... death!"

#....†.........# #...#
#........##########.#.###.#
#........# #((.ZB........
########.### #†# .....
#...# #(# ..... ###.# #(#
##### #...# #†# #.#####†#
#..@D...# #########


You could see a four-headed hydra.

Vanquished Creatures
  A hydra (D:12)
  A boulder beetle (D:12)
  An ugly thing (D:11)
  An elephant (D:9)
  2 kobold demonologists (D:12)
  2 trolls
  A wyvern (D:9)
  2 wraiths
  4 yaks (D:9)
  Grum (D:6)
  Menkaure (D:5)
  A water moccasin (D:7)
  6 orc warriors
  A necrophage (D:11)
  3 ice beasts
  3 sky beasts
  4 black bears
  4 ogres
  A wolf (D:6)
  A phantom (D:11)
  5 centaurs
  2 kobold brigands
  Blork the orc (D:6)
  10 bullfrogs
  2 gnoll sergeants
  5 scorpions
  7 killer bees
  11 wights
  6 howler monkeys
  2 jellies (D:7)
  2 bullfrog zombies
  8 hounds (D:6)
  3 quasits
  A centaur zombie (D:5)
  8 orc priests
  A centaur skeleton (D:4)
  4 iguanas
  Ijyb (D:4)
  14 orc wizards
  5 worker ants
  A killer bee zombie (D:6)
  A hound zombie (D:7)
  A hound skeleton (D:5)
  13 gnolls
  A howler monkey skeleton (D:9)
  13 adders
  2 shadow imps
  A white imp (D:6)
  An ufetubus (D:6)
  An ooze (D:5)
  2 adder skeletons (D:4)
  3 leopard geckos
  43 orcs
  7 bats
  5 giant cockroaches
  11 goblins
  4 hobgoblins
  15 jackals
  4 quokkas
  4 frilled lizards
  A giant cockroach zombie (D:6)
  13 kobolds
  A leopard gecko skeleton (D:4)
  5 rats
292 creatures vanquished.

Vanquished Creatures (collateral kills)
  A centaur zombie (D:11)
  A wight (D:11)
  A worker ant (D:11)
3 creatures vanquished.

Vanquished Creatures (others)
  A centaur warrior (D:11)
  An ugly thing (D:11)
  4 fulminant prisms
  A plant (D:6)
7 creatures vanquished.

Grand Total: 302 creatures vanquished

Notes
Turn   | Place    | Note
-------+----------+-------------------------------------------
     0 | D:1      | dolemite99 the Gnoll Conjurer began the quest for the Orb.
     0 | D:1      | Reached XP level 1. HP: 13/13 MP: 6/6
    26 | D:1      | Reached XP level 2. HP: 20/20 MP: 2/7
   686 | D:1      | Reached XP level 3. HP: 25/25 MP: 7/9
   689 | D:1      | Learned a level 2 spell: Searing Ray
   711 | D:1      | Reached skill level 5 in Spellcasting
  1207 | D:2      | Reached skill level 1 in Invocations
  1490 | D:2      | Reached skill level 1 in Fighting
  1490 | D:2      | Reached skill level 1 in Short Blades
  1490 | D:2      | Reached skill level 1 in Long Blades
  1490 | D:2      | Reached skill level 1 in Axes
  1490 | D:2      | Reached skill level 1 in Maces & Flails
  1490 | D:2      | Reached skill level 1 in Polearms
  1490 | D:2      | Reached skill level 1 in Staves
  1490 | D:2      | Reached skill level 1 in Slings
  1490 | D:2      | Reached skill level 1 in Bows
  1490 | D:2      | Reached skill level 1 in Crossbows
  1490 | D:2      | Reached skill level 1 in Throwing
  1490 | D:2      | Reached skill level 1 in Armour
  1490 | D:2      | Reached skill level 1 in Shields
  1490 | D:2      | Reached skill level 1 in Unarmed Combat
  1490 | D:2      | Reached skill level 1 in Evocations
  1571 | D:2      | Reached XP level 4. HP: 32/32 MP: 8/11
  1633 | D:2      | You fall into a shaft and drop 1 floor!
  1942 | D:3      | Found a sparkling altar of Nemelex Xobeh.
  2349 | D:2      | Reached skill level 1 in Hexes
  2349 | D:2      | Reached skill level 1 in Summonings
  2349 | D:2      | Reached skill level 1 in Necromancy
  2349 | D:2      | Reached skill level 1 in Translocations
  2349 | D:2      | Reached skill level 1 in Transmutations
  2349 | D:2      | Reached skill level 1 in Fire Magic
  2349 | D:2      | Reached skill level 1 in Ice Magic
  2349 | D:2      | Reached skill level 1 in Air Magic
  2349 | D:2      | Reached skill level 1 in Earth Magic
  2349 | D:2      | Reached skill level 1 in Poison Magic
  2974 | D:3      | Reached XP level 5. HP: 11/37 MP: 4/12
  3705 | D:5      | Entered Level 5 of the Dungeon
  3736 | D:4      | Found an ancient bone altar of Kikubaaqudgha.
  3739 | D:4      | Became a worshipper of Kikubaaqudgha
  3838 | D:4      | Found Dienai's Antique Armour Shop.
  3845 | D:4      | Found Kimut's Antique Weapon Shoppe.
  3845 | D:4      | Noticed an ogre
  3873 | D:4      | Killed an ogre
  3874 | D:4      | Reached XP level 6. HP: 44/44 MP: 6/13
  4150 | D:4      | Found Fifatib's Jewellery Shoppe.
  4326 | D:4      | Noticed Ijyb
  4327 | D:4      | Found Kiheck's General Store.
  4340 | D:4      | Killed Ijyb
  4536 | D:4      | Bought a scroll of fog for 26 gold pieces
  4536 | D:4      | Bought a scroll of identify for 26 gold pieces
  4557 | D:4      | Reached skill level 5 in Dodging
  5224 | D:4      | Reached XP level 7. HP: 47/50 MP: 15/15
  5346 | D:4      | Found Haaggeon's Antique Weapon Emporium.
  5374 | D:4      | Found a white marble altar of Elyvilon.
  5374 | D:4      | Noticed an angel
  5375 | D:4      | Found a runed translucent door.
  5825 | D:5      | Learned a level 3 spell: Dazzling Flash
  5883 | D:5      | Found Winuenk's Antique Weapon Emporium.
  6477 | D:5      | Reached * piety under Kikubaaqudgha
  6477 | D:5      | Identified Kikubaaqudgha's Tome of Stolen Souls
                  | (Kikubaaqudgha gifted it to you on level 5 of the Dungeon)
  6477 | D:5      | Received a gift from Kikubaaqudgha
  7070 | D:5      | Noticed Menkaure
  7096 | D:5      | Reached skill level 5 in Stealth
  7846 | D:6      | Reached XP level 8. HP: 48/57 MP: 8/16
  8686 | D:6      | Noticed Grum
  8691 | D:6      | Killed Grum
  9252 | D:6      | Reached XP level 9. HP: 65/65 MP: 14/18
  9393 | D:6      | Identified the +2 robe of Intercession {Dex+3}
  9399 | D:6      | Reached ** piety under Kikubaaqudgha
  9451 | D:6      | Learned a level 4 spell: Iskenderun's Mystic Blast
  9650 | D:6      | Noticed Blork the orc
  9655 | D:6      | Killed Blork the orc
  9952 | D:6      | Found Urrouh's General Store.
 10044 | D:4      | Bought a glowing hunting sling for 81 gold pieces
 10185 | D:5      | Killed Menkaure
 10321 | D:5      | Found a staircase to the Ecumenical Temple.
 10504 | D:6      | Found a white marble altar of Elyvilon.
 11231 | D:7      | Reached skill level 8 in Conjurations
 11821 | D:7      | Learned a level 2 spell: Corpse Rot
 11969 | D:7      | Reached skill level 5 in Invocations
 12572 | D:7      | Learned a level 3 spell: Vampiric Draining
 12577 | D:7      | Learned a level 4 spell: Fulminant Prism
 12580 | D:7      | Learned a level 2 spell: Sublimation of Blood
 13115 | D:7      | Reached *** piety under Kikubaaqudgha
 13115 | D:7      | Identified Kikubaaqudgha's Papyrus of Dark Magic
                  | (Kikubaaqudgha gifted it to you on level 7 of the Dungeon)
 13115 | D:7      | Received a gift from Kikubaaqudgha
 13669 | D:8      | Found a sacrificial altar of Ru.
 13669 | D:8      | Found a white marble altar of Elyvilon.
 13710 | D:8      | Found a hide-covered altar of Uskayaw.
 13713 | D:8      | Found an ornate altar of the Wu Jian Council.
 13715 | D:8      | Found a shadowy altar of Dithmenos.
 13944 | D:8      | Reached XP level 10. HP: 29/73 MP: 12/20
 14518 | D:8      | Found a snail-covered altar of Cheibriados.
 14594 | D:8      | Noticed a skeletal warrior
 14632 | D:8      | Reached skill level 5 in Fighting
 14632 | D:8      | Reached skill level 5 in Short Blades
 14632 | D:8      | Reached skill level 5 in Long Blades
 14632 | D:8      | Reached skill level 5 in Axes
 14632 | D:8      | Reached skill level 5 in Maces & Flails
 14632 | D:8      | Reached skill level 5 in Polearms
 14632 | D:8      | Reached skill level 5 in Staves
 14632 | D:8      | Reached skill level 5 in Slings
 14632 | D:8      | Reached skill level 5 in Bows
 14632 | D:8      | Reached skill level 5 in Crossbows
 14632 | D:8      | Reached skill level 5 in Throwing
 14632 | D:8      | Reached skill level 5 in Armour
 14632 | D:8      | Reached skill level 5 in Shields
 14632 | D:8      | Reached skill level 5 in Unarmed Combat
 14632 | D:8      | Reached skill level 5 in Evocations
 14842 | D:8      | Found a glowing golden altar of the Shining One.
 15163 | D:8      | Found a burning altar of Makhleb.
 15386 | D:9      | Noticed an elephant
 15468 | D:9      | Killed an elephant
 15950 | D:9      | Found a staircase to the Lair.
 17268 | D:9      | Found an opulent altar of Gozag.
 17803 | D:4      | Bought a glowing fustibalus for 324 gold pieces
 18362 | D:9      | Reached XP level 11. HP: 81/81 MP: 17/22
 18931 | D:9      | Reached **** piety under Kikubaaqudgha
 19112 | D:10     | Entered Level 10 of the Dungeon
 19782 | D:10     | You fall into a shaft and drop 3 floors!
 19802 | D:12     | Reached skill level 5 in Hexes
 19802 | D:12     | Reached skill level 5 in Summonings
 19802 | D:12     | Reached skill level 5 in Necromancy
 19802 | D:12     | Reached skill level 5 in Translocations
 19802 | D:12     | Reached skill level 5 in Transmutations
 19802 | D:12     | Reached skill level 5 in Fire Magic
 19802 | D:12     | Reached skill level 5 in Ice Magic
 19802 | D:12     | Reached skill level 5 in Air Magic
 19802 | D:12     | Reached skill level 5 in Earth Magic
 19802 | D:12     | Reached skill level 5 in Poison Magic
 20213 | D:12     | Identified the +2 hand crossbow of the Singing Fulmar
                  | {elec, SInv}
 20219 | D:11     | Noticed a red ugly thing
 21280 | D:12     | Noticed a five-headed hydra
 21287 | D:12     | Killed a five-headed hydra
 21683 | D:12     | Noticed a boulder beetle
 21699 | D:12     | Killed a boulder beetle
 21700 | D:12     | Reached skill level 9 in Conjurations
 22024 | D:11     | Noticed a red ugly thing
 22033 | D:11     | Killed a red ugly thing
 22633 | D:11     | Noticed Snorg
 22647 | D:11     | Noticed a boulder beetle
 22649 | D:11     | Noticed a four-headed hydra
 22692 | D:11     | Noticed a centaur warrior
 22755 | D:11     | Slain by a four-headed hydra

Illustrated notes

Levels and vault maps discovered:
D:1:      onia_arrival_mini_spirals, layout_rooms
D:2:      layout_loops_ring
D:3:      wad_pebble_path, layout_loops_cross, kennysheep_pointless_box,
          nrook_mini_vaults, nemelex_spade_bored_becter
D:4:      layout_basic, kennysheep_mini, serial_shops, shop, shop,
          nicolae_shop_temple_entry_statues_fountains, shop,
          kennysheep_mini_moat, grunt_ministairs_9, minmay_splitting_lines,
          lemuel_angel_altar, uniq_ijyb
D:5:      layout_basic, minmay_temple_entry_butterflies, serial_shops,
          nicolae_shop_waterfront, uniq_menkaure
D:6:      layout_cave_pools, serial_gnoll_camp, grums_kennel,
          gnoll_camp_mini_house, gnoll_camp_mini_shop, gnoll_camp_mini_doghouse,
          chequers_hall_statues_y, elyvilon_altar_1, uniq_blork_the_orc
D:7:      minmay_flawed_box, layout_basic, kennysheep_generic_room_9
D:8:      layout_basic, marbit_many_paths, general_overflow_altar,
          chequers_temple_overflow_minitemple, basic_altar,
          nrook_mini_backslash, onia_ninara_dug_in_and_dangerous
D:9:      layout_long_grid, lemuel_crystal_altar, david_lair_generic,
          enter_bailey_5
D:10:     layout_roguey
D:11:     minmay_the_grid_square_5x5_4x4_mashed
          [minmay_the_grid_square_5x5_three, minmay_the_grid_square_5x5_slash,
          minmay_the_grid_square_5x5_inner_z,
          minmay_the_grid_square_5x5_doubleslash,
          minmay_the_grid_square_5x5_comb,
          minmay_the_grid_square_5x5_prize_deathbox,
          minmay_the_grid_square_5x5_prize_rear_guard,
          minmay_the_grid_square_5x5_meh, minmay_the_grid_square_5x5_trominoes,
          minmay_the_grid_square_5x5_prize_pseudospiral,
          minmay_the_grid_square_5x5_prize_open,
          minmay_the_grid_square_5x5_corner,
          minmay_the_grid_square_5x5_checkered_sparse,
          minmay_the_grid_square_5x5_two_walls_b,
          minmay_the_grid_square_5x5_almost_minimal,
          minmay_the_grid_square_5x5_inverted_slash], layout_basic, orc_0_dummy,
          uniq_snorg
D:12:     layout_gridville, small_statue_alley_a, kennysheep_windowed_goal
D:13:     minmay_statue_hallways, layout_long_grid, david_vaults_1,
          xom_shifter_show

Skill      XL: |  1  2  3  4  5  6  7  8  9 10 11 |
---------------+----------------------------------+-----
Spellcasting   | 5 6 7 8 |  8.3
Invocations    | 1 2 3 4 5 6 7 |  7.2
Fighting       | 1 2 3 4 5 6 |  6.6
Short Blades   | 1 2 3 4 5 6 |  6.6
Long Blades    | 1 2 3 4 5 6 |  6.6
Axes           | 1 2 3 4 5 6 |  6.6
Maces & Flails | 1 2 3 4 5 6 |  6.6
Polearms       | 1 2 3 4 5 6 |  6.6
Staves         | 1 2 3 4 5 6 |  6.6
Slings         | 1 2 3 4 5 6 |  6.6
Bows           | 1 2 3 4 5 6 |  6.6
Crossbows      | 1 2 3 4 5 6 |  6.6
Throwing       | 1 2 3 4 5 6 |  6.6
Armour         | 1 2 3 4 5 6 |  6.6
Shields        | 1 2 3 4 5 6 |  6.6
Unarmed Combat | 1 2 3 4 5 6 |  6.6
Evocations     | 1 2 3 4 5 6 |  6.6
Hexes          | 1 2 3 4 5 |  5.4
Summonings     | 1 2 3 4 5 |  5.4
Necromancy     | 1 2 3 4 5 |  5.4
Translocations | 1 2 3 4 5 |  5.4
Transmutations | 1 2 3 4 5 |  5.4
Fire Magic     | 1 2 3 4 5 |  5.4
Ice Magic      | 1 2 3 4 5 |  5.4
Air Magic      | 1 2 3 4 5 |  5.4
Earth Magic    | 1 2 3 4 5 |  5.4
Poison Magic   | 1 2 3 4 5 |  5.4
Dodging        | 5 6 7 8 |  8.1
Stealth        | 5 6 7 |  7.9
Conjurations   | 8 9 |  9.1

Action                   |  1- 3 |  4- 6 |  7- 9 | 10-12 || total
-------------------------+-------+-------+-------+-------++-------
Melee: Dagger            |     7 |    37 |    79 |     3 ||   126
       Bite              |       |     2 |     1 |       ||     3
       Punch             |       |       |     2 |       ||     2
 Fire: Hunting sling     |       |       |    58 |    86 ||   144
       Fustibalus        |       |       |       |    97 ||    97
Throw: Dart              |       |     6 |    11 |     7 ||    24
       Javelin           |       |     2 |    14 |     4 ||    20
       Stone             |       |       |     1 |       ||     1
       Boomerang         |       |       |    47 |       ||    47
 Cast: Magic Dart        |    32 |    40 |       |       ||    72
       Searing Ray       |     2 |     9 |    78 |    65 ||   154
       Dazzling Flash    |       |       |     6 |     8 ||    14
       Corpse Rot        |       |       |     2 |       ||     2
       Fulminant Prism   |       |       |     1 |     3 ||     4
       Vampiric Draining |       |       |     1 |       ||     1
Evoke: Wand              |       |       |       |    20 ||    20
  Use: Scroll            |       |     7 |     3 |    14 ||    24
       Potion            |       |       |     1 |     1 ||     2
 Stab: Distracted        |       |     1 |       |       ||     1
       Sleeping          |       |     1 |       |       ||     1
       Invisible         |       |       |     2 |       ||     2
       Paralysed         |       |       |       |     3 ||     3
Armor: Robe              |     1 |       |       |       ||     1
       Leather armour    |     1 |    10 |    64 |    50 ||   125
       Skin              |       |       |       |     1 ||     1
Dodge: Dodged            |     5 |    28 |   150 |   117 ||   300

Table legend: (Time is in decaauts)
 A = Elapsed time spent in this place.
 B = Non-inter-level travel time spent in this place.
 C = Inter-level travel time spent in this place.
 D = Time resting spent in this place.
 E = Time spent auto-exploring this place.
 F = Levels seen in this place.
 G = Mean time per level.
                   A        B        C        D        E       F      G
               +--------+--------+--------+--------+--------+-----+--------+
         Total |  22740 |  22049 |    691 |  13109 |   5359 |  13 | 1749.2 |
       Dungeon |  22740 |  22049 |    691 |  13109 |   5359 |  13 | 1749.2 |
               +--------+--------+--------+--------+--------+-----+--------+

Top non-repeatable levels by time:
     D:9: 3272 daAuts
     D:6: 2886 daAuts
     D:4: 2779 daAuts
     D:7: 2659 daAuts
     D:5: 2181 daAuts
    D:12: 2048 daAuts
     D:8: 1650 daAuts
     D:3: 1346 daAuts
     D:2: 1161 daAuts
     D:1: 1156 daAuts
    D:11: 903 daAuts
    D:10: 672 daAuts
    D:13: 21 daAuts
